 Dungeon Crawl Stone Soup version 0.28-a0-477-g0b43c73ce0 (webtiles) character file.

Game seed: 4327037195371011966

18 MacCMillion the Shield-Bearer (level 2, -3/24 HPs)
             Began as a Demonspawn Fighter on Sept 17, 2021.
             Slain by a quokka (4 damage)
             ... on level 1 of the Dungeon.
             The game lasted 00:01:47 (603 turns).

MacCMillion the Shield-Bearer (Demonspawn Fighter)   Turns: 603, Time: 00:01:47

Health: -3/24      AC:  6    Str: 16    XL:     2   Next: 48%
Magic:  2/2        EV:  9    Int:  9    God:
Gold:   27         SH:  4    Dex: 12    Spells: 1/1 levels left

rFire   . . .      SeeInvis .   a - +0 rapier
rCold   . . .      Faith    .   c - +0 buckler
rNeg    . . .      Spirit   .   b - +0 scale mail
rPois   .          Reflect  .   (helmet restricted)
rElec   .          Harm     .   (no cloak)
rCorr   .          Rampage  .   (no gloves)
Will    .....                   (no boots)
Stlth   ..........              (no amulet)
HPRegen 0.08/turn               (no ring)
MPRegen 0.08/turn               (no ring)

@: no status effects
A: antennae 1
a: no special abilities


You were on level 1 of the Dungeon.
You visited 1 branch of the dungeon, and saw 1 of its levels.

You collected 27 gold pieces.

Inventory:

Hand Weapons
 a - a +0 rapier (weapon)
Armour
 b - a +0 scale mail (worn)
 c - a +0 buckler (worn)
Potions
 d - a potion of might


   Skills:
 - Level 3.0 Fighting
 + Level 2.1 Short Blades
 - Level 2.6 Armour
 * Level 3.3 Shields


You had one spell level left.
You didn't know any spells.
Your spell library contained the following spells:

 Spells                   Type           Power      Damage    Failure   Level
 Ensorcelled Hibernation  Hex/Ice        0%         N/A       94%         2
 Tukima's Dance           Hex            0%         N/A       99%         3
 Freezing Cloud           Conj/Ice/Air   0%         6-21      100%        5
 Simulacrum               Ice/Necr       0%         N/A       100%        6
 Polar Vortex             Ice            0%         N/A       100%        9


Dungeon Overview and Level Annotations

Branches:
Dungeon (1/15)

Altars:


Innate Abilities, Weirdness & Mutations

You have a pair of small antennae on your head.


Message History

The quokka bites you.
You hit the quokka.
The quokka is heavily wounded.
The quokka bites you but does no damage.
You barely miss the quokka.
The quokka is heavily wounded.
The quokka closely misses you.
The quokka bites you but does no damage.
The endoplasm barely misses you.
Your scale mail prevents you from hitting the quokka.
The quokka is heavily wounded.
The quokka closely misses you. The endoplasm freezes you.
You are frozen.
You barely miss the quokka.
The quokka is heavily wounded.
The quokka closely misses you. The endoplasm hits you. The quokka misses you.
You are too injured to fight recklessly!
You hit the quokka but do no damage.
The quokka is heavily wounded.
You block the quokka's attack.
The quokka bites you but does no damage.
You closely miss the quokka.
The quokka is heavily wounded.
The quokka closely misses you.
You closely miss the quokka.
The quokka is heavily wounded.
The quokka bites you but does no damage.
The endoplasm barely misses you. The quokka bites you.
* * * LOW HITPOINT WARNING * * *
You puncture the endoplasm!
You kill the endoplasm!
The quokka bites you.
* * * LOW HITPOINT WARNING * * *
You barely miss the quokka.
The quokka is heavily wounded.
The quokka bites you.
* * * LOW HITPOINT WARNING * * *
The quokka bites you.
You die... #..##.PPPPPPPPPPPP

#..###############
#..# ##..#
##...#####.#
##..........#
#.....#######
##...## #..@#
#..r# #...#
#...#######.##.
#.......)......
#.......(######
##........$..
#####..)#### #####


You could see a quokka.

Vanquished Creatures
  A dart slug (D:1)
  An endoplasm (D:1)
  A giant cockroach (D:1)
  A goblin (D:1)
  2 jackals (D:1)
  A kobold (D:1)
  5 ball pythons (D:1)
  2 bats (D:1)
  2 rats (D:1)
16 creatures vanquished.

Notes
Turn   | Place    | Note
-------+----------+-------------------------------------------
     0 | D:1      | MacCMillion the Demonspawn Fighter began the quest for the
                  | Orb.
     0 | D:1      | Reached XP level 1. HP: 18/18 MP: 1/1
   319 | D:1      | Gained mutation: You have a pair of small antennae on your
                  | head. [demonic ancestry]
   319 | D:1      | Reached XP level 2. HP: 23/24 MP: 2/2
   603 | D:1      | HP: 1/24 [quokka (3)]
   603 | D:1      | Slain by a quokka

Illustrated notes

Levels and vault maps discovered:
D:1:      eino_arrival_tree_alley, layout_loops_ring, nrook_uturn,
          minmay_pentomino_z2

Skill      XL: |  1 |
---------------+----+-----
Short Blades   | 2 |  2.1
Shields        | 3 |  3.3
Fighting       | |  3.0
Armour         | |  2.6

Action                   || total
-------------------------++-------
Melee: Rapier            ||    58
Armor: Scale mail        ||    43
Dodge: Dodged            ||    36
Block: Buckler           ||    13

Table legend: (Time is in decaauts)
 A = Elapsed time spent in this place.
 B = Non-inter-level travel time spent in this place.
 C = Inter-level travel time spent in this place.
 D = Time resting spent in this place.
 E = Time spent auto-exploring this place.
 F = Levels seen in this place.
 G = Mean time per level.
                   A        B        C        D        E       F      G
               +--------+--------+--------+--------+--------+-----+--------+
         Total |    609 |    609 |      0 |      0 |    504 |   1 |  609.0 |
       Dungeon |    609 |    609 |      0 |      0 |    504 |   1 |  609.0 |
               +--------+--------+--------+--------+--------+-----+--------+

Top non-repeatable levels by time:
     D:1: 609 daAuts
